 Dungeon Crawl Stone Soup version 0.28.0-53-g5a82cb258f (webtiles) character file.

Game seed: 5389917216778988210

3849 MiltankisOP the Nimble (level 10, -3/76 HPs)
             Began as an Octopode Monk on July 14, 2022.
             Was a Priest of Cheibriados.
             Slain by a gargoyle
             ... wielding a +0 morningstar
              (16 damage)
             ... on level 7 of the Dungeon.
             The game lasted 00:12:16 (7709 turns).

MiltankisOP the Nimble (Octopode Monk)              Turns: 7709, Time: 00:12:16

Health: -3/76      AC:  8    Str: 17    XL:     10   Next: 18%
Magic:  10/10      EV: 23    Int: 25    God:    Cheibriados [***...]
Gold:   357        SH:  0    Dex: 24    Spells: 9/9 levels left

rFire   + . .      SeeInvis +   i - +8 dagger of Intimidation {protect, rF+ SInv}
rCold   . . .      Faith    .   (no shield)
rNeg    . . .      Spirit   .   (helmet restricted)
rPois   .          Reflect  .   n - amulet of the acrobat
rElec   .          Harm     .   k - +6 ring of intelligence
rCorr   .          Rampage  .   (no ring)
Will    .....                   (no ring)
Stlth   ++++......              (no ring)
HPRegen 0.22/turn               (no ring)
MPRegen 0.12/turn               (no ring)
                                (no ring)
                                (no ring)

@: under a protective aura, very slow
A: almost no armour, amphibious, 8 rings, camouflage 1, gelatinous body 1,
(nimble swimmer 1), tentacles
a: Renounce Religion, Bend Time, Temporal Distortion


You were on level 7 of the Dungeon.
You worshipped Cheibriados.
Cheibriados was most pleased with you.
You visited 2 branches of the dungeon, and saw 8 of its levels.

You collected 357 gold pieces.

Inventory:

Hand Weapons
 i - the +8 dagger of Intimidation (weapon) {protect, rF+ SInv}
   (You found it on level 3 of the Dungeon)

   It grants its wielder temporary protection when it strikes (+7 to AC).
   rF:        It protects you from fire.
   SInv:      It lets you see invisible.
Jewellery
 k - a +6 ring of intelligence (left tentacle)
 n - an amulet of the acrobat (around mantle)
Wands
 j - a wand of charming (2)
Scrolls
 d - 3 scrolls of teleportation
 f - a scroll of summoning {unknown}
 g - a scroll of enchant armour {unknown}
 r - a scroll of silence {unknown}
 s - a scroll of amnesia {unknown}
 t - 2 scrolls of blinking {unknown}
 u - a scroll of fog
Potions
 a - 3 potions of degeneration
 b - a potion of ambrosia {unknown}
 c - 3 potions of curing
 e - a potion of mutation {unknown}
 h - a potion of flight {unknown}
 l - 4 potions of haste
 m - a potion of heal wounds {unknown}
 o - 3 potions of lignification {unknown}
 p - 3 potions of might {unknown}
 q - a potion of invisibility {unknown}


   Skills:
 + Level 10.1 Fighting
 - Level 11.2 Dodging
 - Level 2.6 Stealth
 - Level 3.0 Unarmed Combat


You had 9 spell levels left.
You didn't know any spells.
Your spell library contained the following spells:

 Spells                   Type           Power      Damage    Failure   Level
 Slow                     Hex            0%         N/A       14%         1
 Confusing Touch          Hex            0%         N/A       38%         3
 Dazzling Flash           Conj/Hex       0%         N/A       38%         3
 Inner Flame              Hex/Fire       0%         N/A       38%         3
 Iskenderun's Mystic Bla  Conj/Tloc      0%         2d3       80%         4
 Silence                  Hex/Air        0%         N/A       98%         5
 Starburst                Conj/Fire      0%         6d3       100%        6
 Enfeeble                 Hex            0%         N/A       100%        7


Dungeon Overview and Level Annotations

Branches:
Dungeon (7/15)             Temple (1/1) D:5

Altars:
Ashenzari
Cheibriados
Dithmenos
Elyvilon
Fedhas
Gozag
Hepliaklqana
Kikubaaqudgha
Makhleb
Nemelex Xobeh
Ru
Trog
Uskayaw
Vehumet
Wu Jian
Xom
Yredelemnul
The Shining One

Shops:
D:2 [

Annotations:
D:4 exclusion: phantom


Innate Abilities, Weirdness & Mutations

You cannot wear most types of armour.
You are amphibious.
You can wear up to eight rings at the same time.
Your skin changes colour to match your surroundings (Stealth+).
Your rubbery body absorbs attacks. (AC +1, EV +1)
((You are camouflaged when in or above water. (Stealth+)))
You have tentacles for arms and can constrict up to eight enemies at once.


Message History

The unseen horror completely misses you.
The unseen horror completely misses you.
You puncture the unseen horror!
You kill the unseen horror!
Cheibriados thoroughly appreciates the change of pace.
Your Fighting skill increases to level 10!
There is an open door here.
You close the door.
Something unseen opens the door.
You completely miss the gargoyle. You grab the gargoyle.
You squeeze the gargoyle!
The gargoyle is moderately damaged.
You constrict the gargoyle, but do no damage.
You barely miss the gargoyle.
You squeeze the gargoyle, but do no damage.
The gargoyle is moderately damaged.
You constrict the gargoyle.
The gargoyle hurls a stone arrow at you.
The stone arrow hits you!
You puncture the gargoyle!
Your weapon exudes an aura of protection.
You squeeze the gargoyle, but do no damage.
The gargoyle is severely damaged.
You constrict the gargoyle, but do no damage.
The gargoyle barely misses you.
You barely miss the gargoyle.
You squeeze the gargoyle, but do no damage.
The gargoyle is severely damaged.
You constrict the gargoyle.
The gargoyle hits you with a +0 morningstar!!
* * * LOW HITPOINT WARNING * * *
You hit the gargoyle.
The gargoyle is severely damaged.
You constrict the gargoyle, but do no damage.
The gargoyle barely misses you.
You hit the gargoyle but do no damage.
The gargoyle is severely damaged.
You constrict the gargoyle, but do no damage.
The gargoyle hits you with a +0 morningstar!
You die...

..........###+##
.....)..<.........
.................
.................
................
................ #
'#########.....####.##.#
.....# #.....9.$......
.....# #.....#@...##.
.....# #.....#....#
.....# #.....#....#
.....# #....9#.....#
.....# #.....#......#
.....# #.....#....###
...### #.....##..##.
#+## #........##. ...#
#.......##.


You could see a gargoyle.

Vanquished Creatures
  An unseen horror (D:7)
  5 yaks (D:5)
  Menkaure (D:4)
  Edmund (D:4)
  4 water moccasins (D:6)
  An ice beast (D:6)
  2 black bears
  2 necrophages (D:6)
  4 ogres
  2 centaurs
  4 phantoms
  A water moccasin zombie (D:5)
  4 scorpions
  A water moccasin skeleton (D:5)
  A centaur zombie (D:7)
  A hound (D:6)
  2 gnoll shamans (D:7)
  2 jellies
  An iguana (D:4)
  A centaur skeleton (D:5)
  2 orc wizards (D:6)
  A hound zombie (D:5)
  11 gnolls
  13 adders
  4 worms
  4 dart slugs
  2 orcs (D:6)
  4 ball pythons
  3 bats
  5 endoplasms
  7 giant cockroaches
  11 goblins
  8 hobgoblins
  3 jackals (D:2)
  13 kobolds
  A quokka (D:1)
  3 frilled lizards (D:1)
  4 rats
140 creatures vanquished.

Notes
Turn   | Place    | Note
-------+----------+-------------------------------------------
     0 | D:1      | MiltankisOP the Octopode Monk began the quest for the Orb.
     0 | D:1      | Reached XP level 1. HP: 16/16 MP: 1/1
   145 | D:1      | Reached XP level 2. HP: 1/21 MP: 2/2
   150 | D:1      | HP: 1/22 [bat (1)]
   809 | D:1      | Reached XP level 3. HP: 27/27 MP: 3/3
  1503 | D:2      | Found Yxadegeh's Armour Boutique.
  1710 | D:2      | Reached XP level 4. HP: 34/34 MP: 4/4
  1840 | D:2      | Reached skill level 5 in Fighting
  2282 | D:3      | Identified the +8 dagger of Intimidation {protect, rF+
                  | SInv}
  2412 | D:3      | Found an ornate altar of the Wu Jian Council.
  2478 | D:3      | Found a faded altar of an unknown god.
  2648 | D:3      | Reached XP level 5. HP: 37/39 MP: 5/5
  2728 | D:4      | Noticed a phantom
  3164 | D:4      | Noticed Edmund
  3371 | D:4      | Reached XP level 6. HP: 46/46 MP: 6/6
  3387 | D:4      | Got Sawn's Catalogue of Execration
  3409 | D:4      | Reached skill level 4 in Dodging
  3633 | D:4      | Killed Edmund
  3634 | D:4      | Reached skill level 5 in Dodging
  3648 | D:4      | Reached XP level 7. HP: 35/52 MP: 7/7
  3791 | D:4      | You fall into a shaft and drop 3 floors!
  3915 | D:6      | Reached skill level 6 in Dodging
  4198 | D:6      | Reached skill level 7 in Dodging
  4236 | D:6      | Reached XP level 8. HP: 57/57 MP: 8/8
  4308 | D:6      | Reached skill level 8 in Dodging
  4323 | D:6      | Reached skill level 9 in Dodging
  5166 | D:5      | Entered Level 5 of the Dungeon
  5234 | D:5      | Reached skill level 10 in Dodging
  5370 | D:5      | Reached XP level 9. HP: 55/62 MP: 9/9
  5701 | D:5      | Reached skill level 11 in Dodging
  6058 | D:5      | Found a staircase to the Ecumenical Temple.
  6067 | Temple   | Entered the Ecumenical Temple
  6079 | Temple   | Became a worshipper of Cheibriados the Contemplative
  6079 | Temple   | Reached * piety under Cheibriados
  6079 | Temple   | Reached ** piety under Cheibriados
  6934 | D:5      | Found a sparkling altar of Nemelex Xobeh.
  7036 | D:4      | Noticed Menkaure
  7054 | D:4      | Killed Menkaure
  7132 | D:4      | Reached XP level 10. HP: 67/74 MP: 10/10
  7564 | D:7      | Reached *** piety under Cheibriados
  7642 | D:7      | Noticed a gargoyle
  7671 | D:7      | Noticed an unseen horror
  7695 | D:7      | Killed an unseen horror
  7696 | D:7      | Reached skill level 10 in Fighting
  7709 | D:7      | Slain by a gargoyle

Illustrated notes

Levels and vault maps discovered:
D:1:      lemuel_arrival_funnel, layout_loops_corners, serial_bayou_pond_b
D:2:      layout_rooms, serial_shops, nicolae_shop_crystal,
          palyth_stone_intersect, minmay_crystal_water
D:3:      layout_rooms, nicolae_wu_jian_wuxing_cycle,
          dreamdust_ecumenical_altar_angels_and_demons, minivault_26
D:4:      minmay_bubble_buster, layout_cave_pools, serial_column_ruins,
          column_ruins_corridor_dead_end, column_ruins_corridor_straight,
          column_ruins_open_medium, column_ruins_open_small, uniq_menkaure,
          uniq_edmund
D:5:      layout_rooms, nemelex_spade_bored_becter, lemuel_temple_firewalk_b
D:6:      layout_loops_ring, portal_sewer_entry_d
D:7:      minmay_the_grid_octo_triangle [minmay_the_grid_octo_concentric,
          minmay_the_grid_octo_prize_square_snowflake,
          minmay_the_grid_octo_shrine], layout_gridville, enter_bailey_5
Temple:   eino_temple_rhombus

Skill      XL: |  1  2  3  4  5  6  7  8  9 10 |
---------------+-------------------------------+-----
Fighting       | 4 5 6 9 10 | 10.1
Dodging        | 5 7 10 11 | 11.2
Stealth        | |  2.6
Unarmed Combat | |  3.0

Action                   |  1- 3 |  4- 6 |  7- 9 | 10-12 || total
-------------------------+-------+-------+-------+-------++-------
Melee: Unarmed           |    87 |    20 |       |       ||   107
       Constrict         |    22 |    13 |    23 |    16 ||    74
       Tentacles         |    15 |    14 |    60 |    16 ||   105
       Punch             |     2 |       |    11 |     1 ||    14
       Dagger            |       |    60 |   208 |    50 ||   318
Evoke: Wand              |       |       |     3 |       ||     3
  Use: Scroll            |       |     3 |     3 |       ||     6
       Potion            |       |       |     1 |       ||     1
 Stab: Sleeping          |    16 |     8 |    10 |     2 ||    36
Armor: Skin              |     1 |     3 |    48 |     4 ||    56
Dodge: Dodged            |    40 |    37 |   168 |    61 ||   306
